 Dungeon Crawl Stone Soup version 0.23-a0-14-g8c9a20f (webtiles) character file.

18 TheOrbIsALie the Magician (level 2, 0/19 HPs)
             Began as a Demonspawn Wizard on Aug 2, 2018.
             Slain by a quokka (5 damage)
             ... on level 1 of the Dungeon.
             The game lasted 00:02:11 (1147 turns).

TheOrbIsALie the Magician (Demonspawn Wizard)       Turns: 1147, Time: 00:02:11

Health: 0/19       AC:  2    Str:  7    XL:     2   Next: 48%
Magic:  0/6        EV: 12    Int: 19    God:
Gold:   63         SH:  0    Dex: 11    Spells: 7/8 levels left

rFire    . . .     SeeInvis +   (no weapon)
rCold    . . .     Gourm    .   (no shield)
rNeg     . . .     Faith    .   a - +0 robe
rPois    .         Spirit   .   b - +0 hat
rElec    .         Reflect  .   (no cloak)
rCorr    .         Harm     .   (no gloves)
MR       .....                  (no boots)
Stlth    +.........             h - amulet of inaccuracy (curse)
HPRegen  0.06/turn              f - ring of attention (curse)
MPRegen  0.10/turn              i - ring of see invisible

@: no status effects
A: powered by death 1
a: no special abilities


You were on level 1 of the Dungeon.
You were hungry.

You visited 1 branch of the dungeon, and saw 2 of its levels.

You collected 63 gold pieces.

Inventory:

Armour
 a - a +0 robe (worn)
 b - a +0 hat (worn)
Jewellery
 f - a cursed ring of attention (left hand)
 h - a cursed amulet of inaccuracy (around neck)
 i - a ring of see invisible (right hand)
Scrolls
 c - a scroll of blinking
Potions
 e - a potion of curing
 g - a potion of lignification {unknown}
 j - a potion of heal wounds {unknown}
Comestibles
 d - 3 rations


   Skills:
 - Level 1.8 Dodging
 - Level 1.9 Stealth
 - Level 3.5 Spellcasting
 + Level 1.3 Conjurations
   Level 1.0 Summonings
   Level 0.8 Translocations


You had 7 spell levels left.
You knew the following spells:

 Your Spells              Type           Power        Failure   Level  Hunger
a - Magic Dart            Conj           #...         9%          1    None

Your spell library contained the following spells:

 Spells                   Type           Power        Failure   Level  Hunger
 Conjure Flame            Conj/Fire      #.......     32%         3    ###....
 Slow                     Hex            #.......     22%         2    ##.....
 Mephitic Cloud           Conj/Pois/Air  #.......     36%         3    ###....
 Blink                    Tloc           N/A          16%         2    ##.....
 Call Imp                 Summ           #.......     14%         2    ##.....


Dungeon Overview and Level Annotations

Branches:
Dungeon (2/15)

Altars:


Innate Abilities, Weirdness & Mutations

You regenerate a little health from kills.


Message History

The quokka misses you. The quokka barely misses you.
You barely miss the quokka.
The quokka is severely wounded.
The quokka closely misses you.
You hit the quokka but do no damage.
The quokka is severely wounded.
The quokka twitches its whiskers.
The quokka barely misses you.
You barely miss the quokka.
The quokka is severely wounded.
The quokka bites you but does no damage.
You closely miss the quokka.
The quokka is severely wounded.
The quokka bites you.
You closely miss the quokka.
The quokka is severely wounded.
The quokka bites you.
* * * LOW HITPOINT WARNING * * *
The quokka bites you.
You die...

##############
#............##
#.#########...# #.#
###...###
#.#######.......######
................@r...#
#.#######.......####.#
...# #.......### #.#
...# #.###...#
#.####### ...# #.#
##..# #.......# ...#
##.## #..# #).####.#
...###...###[.#
#..####.#
#.............#
#..##...######
##.###...####.#
#.............


You could see a quokka.

Vanquished Creatures
  A giant cockroach (D:1)
  3 goblins
  3 hobgoblins (D:1)
  A bat (D:1)
  3 frilled lizards (D:1)
  4 kobolds (D:1)
  A rat (D:2)
16 creatures vanquished.

Notes
Turn   | Place    | Note
-------+----------+-------------------------------------------
     0 | D:1      | TheOrbIsALie the Demonspawn Wizard began the quest for the Orb.
     0 | D:1      | Reached XP level 1. HP: 13/13 MP: 4/4
   499 | D:1      | Gained mutation: You regenerate a little health from kills. [demonic ancestry]
   499 | D:1      | Reached XP level 2. HP: 19/19 MP: 3/6
  1147 | D:1      | Slain by a quokka

Vault maps used:
D:1:      giann_forest_graveyard
D:2:      old_standard_altar

Action                   || total
-------------------------++-------
Melee: Unarmed           ||    17
 Cast: Magic Dart        ||    48
  Use: Scroll            ||     3
Armor: Robe              ||     5
Dodge: Dodged            ||    19

Table legend:
 A = Spawn XP
 B = Non-spawn XP
 C = Spawn XP percentage of total XP
 D = Spawn monster count
 E = Non-spawn monster count
 F = Spawn count percentage of total count
 G = Total turns spent on level
                    A         B        C        D         E        F      G
               +---------+---------+-------+---------+---------+-------+---------
         Total |       0 |      26 |   0.0 |       0 |      16 |   0.0 |  1147
               +---------+---------+-------+---------+---------+-------+---------
           D:1 |       0 |      23 |   0.0 |       0 |      14 |   0.0 |  1139
           D:2 |       0 |       3 |   0.0 |       0 |       2 |   0.0 |     8
               +---------+---------+-------+---------+---------+-------+---------
